 Dungeon Crawl Stone Soup version 0.30-a0-728-gc68057be0a (webtiles) character file.

Game seed: 707107885613238634

51 sokol815 the Shooter (level 3, 0/30 HPs)
             Began as a Demigod Hunter on Jan 30, 2023.
             Succumbed to an adder's poison
             ... on level 2 of the Dungeon.
             The game lasted 00:01:56 (842 turns).

sokol815 the Shooter (Demigod Hunter)                Turns: 842, Time: 00:01:57

Health: 0/30       AC:  3    Str: 12    XL:     3   Next: 38%
Magic:  5/5        EV: 12    Int: 11    God:
Gold:   38         SH:  0    Dex: 21    Spells: 2/2 levels left

rFire   . . .      SeeInvis .    a - +0 shortbow
rCold   + . .      Faith    .    (shield currently unavailable)
rNeg    . . .      Spirit   .    c - +0 leather armour
rPois   .          Reflect  .    (no helmet)
rElec   .          Harm     .    (no cloak)
rCorr   .          Rampage  .    (no gloves)
Will    .....                    (no boots)
Stlth   ++                       (no amulet)
HPRegen 0.25/turn                C - ring of protection from cold {rC+, !d}
MPRegen 0.09/turn                (no ring)

@: brilliant, lethally poisoned (0 -> -4)
A: high MP 1, forlorn, divine attributes
a: no special abilities


You were on level 2 of the Dungeon.
You visited 1 branch of the dungeon, and saw 2 of its levels.

You collected 38 gold pieces.

Inventory:

Hand Weapons
 a - a +0 shortbow (weapon)
Armour
 c - a +0 leather armour (worn)
Jewellery
 C - a ring of protection from cold (left hand) {rC+, !d}
   (You found it on level 1 of the Dungeon)
Scrolls
 b - a scroll of teleportation {unknown}
 d - a scroll of fog {unknown}
 f - a scroll of vulnerability {unknown}
 g - a scroll of torment {unknown}
 K - a scroll of immolation {!r}
Potions
 B - a potion of brilliance


   Skills:
 + Level 2.3 Fighting
 * Level 4.3 Ranged Weapons
 + Level 2.3 Dodging
 - Level 0.8 Stealth


You had 2 spell levels left.
You didn't know any spells.
Your spell library contained the following spells:

 Spells                   Type           Power      Damage    Failure   Level
 Scorch                   Fire           0%         2d5       56%         2
 Static Discharge         Conj/Air       0%         2-2/arc   56%         2
 Ignite Poison            Fire/Tmut/Pois 0%         N/A       80%         3
 Vhi's Electric Charge    Tloc/Air       0%         N/A       80%         3
 Sticky Flame             Conj/Fire      0%         2d3       99%         4
 Arcjolt                  Conj/Air       0%         1d10      100%        5
 Ignition                 Fire           0%         3d3       100%        8


Dungeon Overview and Level Annotations

Branches:
Dungeon (2/15) Zot: 11121


Innate Abilities, Weirdness & Mutations

You have an increased reservoir of magic. (+10% MP)
You shall have no god before yourself.
Your divine heritage dramatically boosts your attributes as you level up.


Message History

You shoot an arrow. The arrow hits the bat.
You shoot an arrow. The arrow closely misses the bat.
The bat hits you.
You take 1 damage, and have 28/29 hp.
You shoot an arrow. The arrow barely misses the bat.
The bat hits you but does no damage. x2; The bat hits you.
You take 1 damage, and have 27/29 hp.
You shoot an arrow.
The arrow hits the bat but does no damage.
The bat hits you but does no damage.
The teleport trap disappears.
The bat disappears!
No target in view!
No target in view!
g - a scroll labelled ETZUFF MITOBROUTZ Health restored: 29 An adder comes into view.
You shoot an arrow. The arrow hits the adder.
The adder hisses angrily.
You shoot an arrow. The arrow closely misses the adder.
You shoot an arrow. The arrow hits the adder.
You shoot an arrow. The arrow hits the adder!
You kill the adder!
No target in view!
No target in view!
A goblin comes into view. It is wielding a +0 dagger.
You shoot an arrow. The arrow hits the goblin.
The goblin shouts!
You shoot an arrow. The arrow hits the goblin.
You kill the goblin!
Health restored: 30
Found a stone staircase leading down.
A jackal comes into view.
You shoot an arrow. The jackal barks!
The arrow hits the jackal!
You kill the jackal!
No target in view!
No target in view!
A jackal comes into view.
You shoot an arrow. The jackal barks!
The arrow hits the jackal but does no damage.
You shoot an arrow. The arrow closely misses the jackal.
You hear an angry hiss.
You shoot an arrow. The arrow hits the jackal.
The jackal bites you.
The jackal bites you but does no damage.
You take 3 damage, and have 27/30 hp.
You shoot an arrow. The arrow hits the jackal!
You kill the jackal!
An adder comes into view.
You shoot an arrow. The arrow closely misses the adder.
The adder hisses angrily.
The adder bites you.
You are poisoned.
The adder poisons you!
You take 4 damage, and have 24/30 hp.
You shoot an arrow. The arrow closely misses the adder.
You feel very sick. The adder barely misses you. The adder closely misses you.
You take 3 damage, and have 21/30 hp.
You shoot an arrow. The arrow misses the adder.
You feel sick. The adder bites you but does no damage. The adder bites you.
You take 3 damage, and have 18/30 hp.
You are too injured to fight recklessly!
You are too injured to fight recklessly!
You are too injured to fight recklessly!
You are too injured to fight recklessly!
You are too injured to fight recklessly!
Fire: a) +0 shortbow
Aim: an adder (50% to hit)
You shoot an arrow. The arrow closely misses the adder.
You feel sick. The adder bites you.
You take 4 damage, and have 14/30 hp.
You shoot an arrow. The arrow closely misses the adder.
You feel sick. The adder bites you but does no damage.
The adder barely misses you.
You take 2 damage, and have 12/30 hp.
You shoot an arrow. The arrow closely misses the adder.
You feel sick.
You are no longer poisoned.
The adder bites you. The adder misses you.
You take 2 damage, and have 10/30 hp.
You shoot an arrow. The arrow misses the adder.
The adder bites you.
* * * LOW HITPOINT WARNING * * *
The adder bites you.
* * * LOW HITPOINT WARNING * * *
You take 5 damage, and have 5/30 hp.
You shoot an arrow. The arrow barely misses the adder.
The adder barely misses you.
You shoot an arrow. The arrow hits the adder.
The adder closely misses you. The adder bites you.
* * * LOW HITPOINT WARNING * * *
You are lethally poisoned!
The adder poisons you!
You take 1 damage, and have 4/30 hp.
It was a potion of brilliance.
You feel clever all of a sudden.
B - a potion of brilliance
* * * LOW HITPOINT WARNING * * *
You feel sick. The adder completely misses you.
You take 2 damage, and have 2/30 hp.
You shoot an arrow. The arrow hits the adder.
You die...

############ ......†...##
## #. #####...####
[...##.##..........#
.....)......#...##.#
#...#.#.###.#.###.#######
#...S@........<.......
#.#..##..........######
#....##.##..###..#
#...#.#.#.#.#.# #..#
....... .......# #..#
.#..>.. ######## #..#
......# #... .##... ##.[#


You could see an adder.

Vanquished Creatures
  An adder (D:2)
  A dart slug (D:1)
  A bat (D:1)
  4 endoplasms (D:1)
  2 giant cockroaches (D:1)
  8 goblins
  5 hobgoblins (D:1)
  2 jackals (D:2)
  A kobold (D:1)
  2 quokkas (D:1)
  2 ball pythons (D:1)
  3 frilled lizards (D:1)
  3 rats (D:1)
35 creatures vanquished.

Notes
Turn   | Place    | Note
-------+----------+-------------------------------------------
     0 | D:1      | sokol815 the Demigod Hunter began the quest for the Orb.
     0 | D:1      | Reached XP level 1. HP: 17/17 MP: 3/3
    36 | D:1      | Reached skill level 2 in Fighting
    36 | D:1      | Reached skill level 2 in Dodging
    64 | D:1      | Reached XP level 2. HP: 24/24 MP: 4/4
    87 | D:1      | Got the Annotations on Combustion and the Storm
   311 | D:1      | Reached skill level 4 in Ranged Weapons
   604 | D:1      | Reached XP level 3. HP: 20/29 MP: 5/5
   838 | D:2      | HP: 5/30 [adder (3)]
   841 | D:2      | HP: 2/30 [poisoned by an adder]
   842 | D:2      | Succumbed to an adder's poison

Illustrated notes

Levels and vault maps discovered:
D:1:      scummos_arrival_simple_fountains, layout_basic,
          chequers_ecumenical_altar_twisty, chequers_serial_rivers_small_3,
          hangedman_abyss_or_decor_stabs, minmay_door_square,
          chequers_serial_rivers_micro_a, minmay_misc_feat_tiny, st_stairs_3,
          minivault_23, minmay_heptomino_w4
D:2:      layout_loops_ring, nrook_loot_triangle, kennysheep_generic_room_13

Skill      XL: |  1  2 |
---------------+-------+-----
Fighting       | 2 |  2.3
Dodging        | 2 |  2.3
Ranged Weapons | 4 |  4.3
Stealth        | |  0.8

Action                     || total
---------------------------++-------
   Fire: Shortbow          ||    91
    Use: Potion            ||     1
 Armour: Leather armour    ||    17
  Dodge: Dodged            ||    24

Table legend: (Time is in decaauts)
 A = Elapsed time spent in this place.
 B = Non-inter-level travel time spent in this place.
 C = Inter-level travel time spent in this place.
 D = Time resting spent in this place.
 E = Time spent auto-exploring this place.
 F = Levels seen in this place.
 G = Mean time per level.
                   A        B        C        D        E       F      G
               +--------+--------+--------+--------+--------+-----+--------+
         Total |    878 |    862 |     16 |     60 |    627 |   2 |  439.0 |
       Dungeon |    878 |    862 |     16 |     60 |    627 |   2 |  439.0 |
               +--------+--------+--------+--------+--------+-----+--------+

Top non-repeatable levels by time:
     D:1: 819 daAuts
     D:2: 58 daAuts

Table legend:
 A = Kills in this place as a percentage of kills in entire the game.
 B = Kills by you in this place as a percentage of kills by you in the entire game.
 C = Kills by friends in this place as a percentage of kills by friends in the entire game.
 D = Other kills in this place as a percentage of other kills in the entire game.
 E = Experience gained in this place as a percentage of experience gained in the entire game.
 F = Experience gained in this place divided by the number of levels of this place that you have seen.
                   A       B       C       D       E      F
               +-------+-------+-------+-------+-------+----------------------
         Total | 100.0 | 100.0 |   N/A |   N/A | 100.0 |  37.0
       Dungeon | 100.0 | 100.0 |   N/A |   N/A | 100.0 |  37.0
               +-------+-------+-------+-------+-------+----------------------
